 Dungeon Crawl Stone Soup version 0.29.0-4-gdea44cf6ec (webtiles) character file.

Game seed: 2621972102792883216

2 wingedge the Firebug (level 1, -3/22 HPs)
             Began as a Human Wanderer on Aug 27, 2022.
             Slain by a gnoll
             ... wielding a +0 club
              (4 damage)
             ... on level 1 of the Dungeon.
             The game lasted 00:01:36 (60 turns).

wingedge the Firebug (Human Wanderer)                 Turns: 60, Time: 00:01:37

Health: -3/22      AC: 20    Str: 12    XL:     1   Next: 44%
Magic:  0/2        EV:  2    Int: 14    God:
Gold:   15         SH:  0    Dex: 10    Spells: 1/2 levels left

rFire   . . .      SeeInvis .   a - +0 club
rCold   . . .      Faith    .   (no shield)
rNeg    . . .      Spirit   .   (body armour currently unavailable)
rPois   +          Reflect  .   (helmet currently unavailable)
rElec   .          Harm     .   (cloak currently unavailable)
rCorr   .          Rampage  .   (gloves currently unavailable)
Will    .....      NoTele   +   (boots currently unavailable)
Stlth   +.........              (no amulet)
HPRegen 0.07/turn               (no ring)
MPRegen 0.08/turn               (no ring)

@: tree-form
A: stationary, stasis, torment immunity, boosted hp
a: no special abilities


You were on level 1 of the Dungeon.
You were a tree.
You visited 1 branch of the dungeon, and saw 1 of its levels.

You collected 15 gold pieces.

Inventory:

Hand Weapons
 a - a +0 club (weapon)
Missiles
 f - 6 stones (quivered)
Armour
 c - a +0 robe (melded)
Scrolls
 d - a scroll of teleportation


   Skills:
 - Level 1.0 Fighting
 - Level 1.0 Armour
 - Level 1.0 Spellcasting
 + Level 0.8 Conjurations
 - Level 3.0 Necromancy
 - Level 4.0 Fire Magic


You had one spell level left.
You knew the following spells:

 Your Spells              Type           Power      Damage    Failure   Level
a - Foxfire               Conj/Fire      28%        2x1d5     10%         1

Your spell library contained the following spells:

 Spells                   Type           Power      Damage    Failure   Level
 Necrotise                Necr           36%        1d5       8%          1
 Vampiric Draining        Necr           9%         2d6       22%         3
 Inner Flame              Hex/Fire       6%         N/A       34%         3
 Flame Wave               Conj/Fire      7%         2d5       69%         4


Dungeon Overview and Level Annotations

Branches:
Dungeon (1/15)

Altars:


Message History

Okay, then.
You hit the dart slug.
The dart slug is almost dead.
The gnoll hits you with a +0 club!
Ouch! That really hurt!
* * * LOW HITPOINT WARNING * * *
The dart slug bites you.
* * * LOW HITPOINT WARNING * * *
It was a potion of lignification.
You turn into a tree.
Your +0 robe melds into your body.
Your roots penetrate the ground.
The gnoll hits you with a +0 club.
* * * LOW HITPOINT WARNING * * *
Unknown command.
You hit the dart slug.
You kill the dart slug!
The gnoll hits you but does no damage.
Unknown command.
Casting: Foxfire (safe; 10% risk of failure)
Confirm with . or Enter, or press ? or * to list all spells.
You conjure some foxfire!
The gnoll hits you but does no damage.
You hit the gnoll.
The gnoll is moderately wounded.
The foxfire hits the gnoll.
The gnoll is heavily wounded.
The foxfire hits the gnoll.
The gnoll is severely wounded.
The gnoll hits you but does no damage.
You hit the gnoll but do no damage.
The gnoll is severely wounded.
The gnoll hits you but does no damage. The gnoll barely misses you.
You barely miss the gnoll.
The gnoll is severely wounded.
The gnoll hits you but does no damage.
You hit the gnoll but do no damage.
The gnoll is severely wounded.
The gnoll hits you but does no damage.
You barely miss the gnoll.
The gnoll is severely wounded.
The gnoll hits you with a +0 club.
You die...

#..#.....♣♣ #..#......♣♣
#..#.......♣
#..#.......♣# #
............# ###.##
...........#####......
......................
................###.###.
...♣♣♣♣#######..♣†......
.♣♣♣ #........g...###.
♣♣ #.####.#.###.# #.#.#
# ..#.# ..?... #####..
..#.


You could see a gnoll.

Vanquished Creatures
  A dart slug (D:1)
1 creature vanquished.

Vanquished Creatures (others)
  4 foxfires (D:1)
4 creatures vanquished.

Grand Total: 5 creatures vanquished

Notes
Turn   | Place    | Note
-------+----------+-------------------------------------------
     0 | D:1      | wingedge the Human Wanderer began the quest for the Orb.
     0 | D:1      | wingedge set off with the following items: a +0 club, a
                  | potion of curing, a +0 robe, a scroll of teleportation; and
                  | the following spells available to memorise: Necrotise,
                  | Foxfire, Vampiric Draining, Inner Flame, Flame Wave.
     0 | D:1      | Reached XP level 1. HP: 15/15 MP: 2/2
     2 | D:1      | Learned a level 1 spell: Foxfire
    53 | D:1      | HP: 1/22 [gnoll/+0 club (3)]
    60 | D:1      | Slain by a gnoll

Illustrated notes

Levels and vault maps discovered:
D:1:      sevenhm_arrival_forest_fort_large_4, layout_basic

Action                   || total
-------------------------++-------
Melee: Club              ||    10
Throw: Stone             ||     1
 Cast: Foxfire           ||     2
  Use: Potion            ||     2
Armor: Skin              ||     6
Dodge: Dodged            ||     6
